 Dungeon Crawl Stone Soup version 0.31-a0-460-g9e667d4245 (webtiles) character file.

Game seed: 17201750549850838811

335 Xavori the Slasher (level 6, -10/28 HPs)
             Began as a Vine Stalker Chaos Knight on Aug 4, 2023.
             Was a Plaything of Xom.
             Mangled by Menkaure (14 damage)
             ... on level 4 of the Dungeon.
             The game lasted 00:02:59 (14176 turns).

Xavori the Slasher (Vine Stalker Chaos Knight)     Turns: 14176, Time: 00:03:00

Health: -10/28     AC:  9    Str: 15 (16) XL:     6   Next: 53%
Magic:  0/11       EV: 11    Int: 11 (12) God:    Xom [..*...]
Gold:   1053       SH:  0    Dex: 13 (14) Spells: 10/10 levels left

rFire   . . .        f - +5 scimitar of Law {freeze, rN+}
rCold   . . .        (no shield)
rNeg    + . .        b - +2 leather armour
rPois   .            (helmet restricted)
rElec   +            (no cloak)
rCorr   .            (no gloves)
SInv    .            (no boots)
Will    .....        (no amulet)
Stlth   ++           h - +4 ring of protection
HPRegen 1.84/turn    (no ring)
MPRegen 0.12/turn

%: random rage (3%), guardian spirit
@: no status effects
A: fangs 2, regeneration 2, magic shield, antimagic bite, no potion heal 2,
hooves 1, horns 2, berserk 1, frail 1, screaming 1, electricity resistance
a: Renounce Religion


You were on level 4 of the Dungeon.
You worshipped Xom.
You were a toy of Xom.
You visited 1 branch of the dungeon, and saw 4 of its levels.

You collected 1053 gold pieces.

Inventory:

Hand Weapons
 a - a +0 falchion of chaos
 f - the +5 scimitar of Law (weapon) {freeze, rN+}
   (You acquired it on level 1 of the Dungeon)

   rN:        It protects you from negative energy.
Armour
 b - a +2 leather armour (worn)
 o - a +2 helmet
Jewellery
 h - a +4 ring of protection (left hand)
Wands
 q - a wand of flame (22)
Scrolls
 c - a scroll of butterflies
 k - a scroll of brand weapon {unknown}
 l - 4 scrolls of identify {unknown}
 p - a scroll of torment {unknown}
 s - 2 scrolls of amnesia {unknown}
Potions
 d - 3 potions of heal wounds {unknown}
 e - a potion of brilliance {unknown}
 g - 2 potions of curing {unknown}
 i - a potion of enlightenment {unknown}
 j - 3 potions of attraction {unknown}
 m - 2 potions of haste {unknown}
 n - 2 potions of might {unknown}
 r - a potion of lignification {unknown}


   Skills:
 + Level 3.3 Fighting
 + Level 4.2 Long Blades
 + Level 2.7 Armour
 + Level 1.4 Dodging
 + Level 2.0 Stealth
 * Level 2.7 Spellcasting


You had 10 spell levels left.
You didn't know any spells.
Your spell library contained the following spells:

 Spells                   Type           Power      Damage    Failure   Level
 Shock                    Conj/Air       4%         1d3       32%         1
 Inner Flame              Hex/Fire       1%         N/A       69%         3
 Swiftness                Air            1%         N/A       69%         3
 Airstrike                Air            0%         2d(1-17)  97%         4
 Yara's Violent Unravell  Hex/Tmut       0%         3d3       100%        5
 Enfeeble                 Hex            0%         N/A       100%        7


Dungeon Overview and Level Annotations

Branches:
Dungeon (4/15)
 Temple: D:4-7

Altars:
Hepliaklqana
Wu Jian
Zin

Shops:
D:1 (   D:3 (

Annotations:
D:4 Menkaure


Innate Abilities, Weirdness & Mutations

You have extremely sharp teeth.
You heal very quickly.
When hurt, damage is shared between your health and your magic reserves.
Your bite disrupts and absorbs the magic of your enemies.
Potions cannot restore your health.
You have large cloven feet.
You have a pair of horns on your head.
You sometimes lose your temper in combat.
You are frail. (-10% HP)
You occasionally shout uncontrollably at your foes.
You are resistant to electric shocks. (rElec)


Message History

You feel yourself speed up.
m - 2 inky potions (gained 1)
You recover from your berserk rage.
Found a stone staircase leading down.
No target in view!
There is a stone staircase leading down here.
An ogre comes into view. It is wielding a +0 giant club.
The ogre shouts!
An ogre is nearby!
Menkaure, Prince of Dust comes into view.
There are monsters nearby!
You completely miss the ogre. You bite the ogre. You drain its power.
The ogre is lightly wounded.
The ogre hits you with a +0 giant club!!
Ouch! That really hurt!
Menkaure casts a spell.
Menkaure seems to speed up.
You hear a bark!
You slash the ogre! You freeze the ogre. You kick the ogre, but do no damage.
You headbutt the ogre.
The ogre is severely wounded.
The ogre hits you with a +0 giant club!
* * * LOW HITPOINT WARNING * * *
You slash the ogre! You freeze the ogre.
You kill the ogre!
Menkaure points at you and mumbles some strange words.
Pain shoots through your body!
* * * LOW HITPOINT WARNING * * *
Your Stealth skill increases to level 2!
You hit Menkaure. Your kick misses Menkaure. You bite Menkaure.
Menkaure's magic leaks into the air.
You drain his magic.
You feel invigorated.
Menkaure is moderately damaged.
Menkaure hits you!
* * * LOW HITPOINT WARNING * * *
An adder comes into view.
Okay, then.
Menkaure attacks as you move away! Menkaure hits you!
Ouch! That really hurt!
You die...
Xom roars with laughter!

##################
#>................
#.###..####.....##
#@# ##............
#M# ######.....##
#.# #.....# #)#
#.....# #.#
#.....# ...
#.....# ♣$.
#.....# ♣♣..
####### ~.


You could see Menkaure (fast, magic disrupted).

Vanquished Creatures
  2 ogres
  An orc priest (D:3)
  An orc wizard (D:3)
  Robin (D:2)
  An adder (D:2)
  2 worms
  A dart slug (D:1)
  7 orcs
  7 bats
  7 endoplasms
  5 giant cockroaches
  13 goblins
  6 hobgoblins
  4 jackals (D:1)
  4 quokkas
  2 ball pythons (D:2)
  4 frilled lizards
  6 kobolds
  3 rats
77 creatures vanquished.

Notes
Turn   | Place    | Note
-------+----------+-------------------------------------------
     0 | D:1      | Xavori the Vine Stalker Chaos Knight began the quest for
                  | the Orb.
     0 | D:1      | Reached XP level 1. HP: 11/11 MP: 2/2
   154 | D:1      | Reached XP level 2. HP: 11/16 MP: 1/4
   180 | D:1      | Reached skill level 1 in Spellcasting
   418 | D:1      | Reached skill level 3 in Long Blades
   452 | D:1      | Reached XP level 3. HP: 20/20 MP: 5/5
   815 | D:1      | Found Qivo's Weapon Shoppe.
   947 | D:2      | XOM: stealth player
   951 | D:1      | Identified a scroll of acquirement
   951 | D:1      | Acquired the +5 scimitar of Law {freeze, rN+}
  1546 | D:1      | XOM: silly message
  2480 | D:1      | XOM: divination: magic mapping
  2552 | D:1      | XOM is BORED!
  2818 | D:1      | XOM: god gift: book of Air
  3100 | D:1      | XOM: cloud trail
  3595 | D:1      | XOM: god gift: 22 gold pieces
  3778 | D:1      | XOM: torment (13/20 hp)
  3831 | D:1      | XOM: give mutations
  3831 | D:1      | Gained mutation: You have a pair of small horns on your
                  | head. [Xom's mischief]
  3831 | D:1      | Gained mutation: You are robust. (+10% HP) [Xom's mischief]
  4671 | D:1      | XOM: give mutations
  4671 | D:1      | Gained mutation: You are clumsy. (Dex -2) [Xom's mischief]
  4671 | D:1      | Gained mutation: You possess an exceptional clarity of
                  | mind. [Xom's mischief]
  4671 | D:1      | Gained mutation: Your natural rate of healing is unusually
                  | fast. [Xom's mischief]
  4671 | D:1      | Gained mutation: Your muscles are strong. (Str +4, Int/Dex
                  | -1) [Xom's mischief]
  5104 | D:1      | XOM: draining
  5242 | D:1      | XOM: divination: magic mapping
  5793 | D:1      | XOM: give mutations
  5793 | D:1      | Gained mutation: You have a pair of horns on your head.
                  | [Xom's mischief]
  5793 | D:1      | Lost mutation: Your muscles are strong. (Str +4, Int/Dex
                  | -1) [Xom's mischief]
  5793 | D:1      | Lost mutation: You possess an exceptional clarity of mind.
                  | [Xom's mischief]
  5895 | D:1      | XOM: divination: detect items
  6009 | D:1      | XOM: divination: detect creatures
  6619 | D:1      | XOM: god gift: 9 gold pieces
  6859 | D:1      | XOM: god gift: 865 gold pieces
  7053 | D:1      | XOM: divination: detect creatures
  7099 | D:1      | XOM: 1-stop teleportation journey
  7122 | D:1      | XOM: summons 2 hostile demons
  7402 | D:1      | XOM is BORED!
  7676 | D:1      | XOM: stat loss: -1 Dex (10/11)
  7895 | D:1      | XOM: cloud trail
  9477 | D:1      | XOM: give mutations
  9477 | D:1      | Lost mutation: You are robust. (+10% HP) [Xom's mischief]
  9477 | D:1      | Gained mutation: You heal very quickly. [Xom's mischief]
  9477 | D:1      | Lost mutation: You are clumsy. (Dex -2) [Xom's mischief]
  9477 | D:1      | Gained mutation: You sometimes lose your temper in combat.
                  | [Xom's mischief]
  9568 | D:1      | XOM: silly message
  9737 | D:2      | Noticed Robin
  9744 | D:2      | XOM: butterfly on damage
  9754 | D:2      | XOM: chaos upgrade
  9761 | D:2      | Killed Robin
  9762 | D:2      | Reached skill level 1 in Dodging
  9762 | D:2      | Mutation became permanent: Your natural rate of healing is
                  | unusually fast. [Vine Stalker growth]
  9762 | D:2      | Gained mutation: You heal very quickly. [Vine Stalker
                  | growth]
  9762 | D:2      | Reached XP level 4. HP: 24/24 MP: 7/7
 10155 | D:2      | XOM: give mutations
 10155 | D:2      | Gained mutation: You occasionally shout uncontrollably at
                  | your foes. [Xom's mischief]
 10155 | D:2      | Gained mutation: You have sharp fingernails. [Xom's
                  | mischief]
 10201 | D:2      | Reached skill level 1 in Stealth
 10263 | D:2      | Found a faded altar of an unknown god.
 10543 | D:3      | Found Nikihub's Antique Weapon Boutique.
 10558 | D:3      | XOM: summons 3 hostile demons
 10664 | D:3      | Reached XP level 5. HP: 18/28 MP: 4/9
 10776 | D:3      | Noticed an angel
 10777 | D:3      | Found a glowing silver altar of Zin.
 10803 | D:3      | Found a hazy altar of Hepliaklqana.
 10895 | D:3      | Found an ornate altar of the Wu Jian Council.
 10896 | D:3      | Noticed an ogre
 10904 | D:3      | Killed an ogre
 10905 | D:3      | Reached XP level 6. HP: 32/32 MP: 10/10
 11061 | D:4      | XOM: stealth player
 11620 | D:3      | XOM: cloud trail
 12180 | D:3      | XOM: give mutations
 12180 | D:3      | Lost mutation: You have sharp fingernails. [Xom's mischief]
 12180 | D:3      | Gained mutation: You are frail. (-10% HP) [Xom's mischief]
 12180 | D:3      | Gained mutation: Your system is resistant to poisons.
                  | (rPois) [Xom's mischief]
 12180 | D:3      | Lost mutation: Your system is resistant to poisons. (rPois)
                  | [Xom's mischief]
 12420 | D:3      | XOM is BORED!
 13578 | D:3      | XOM: summons 4 hostile demons
 13655 | D:4      | XOM: give mutations
 13655 | D:4      | Gained mutation: You have large cloven feet. [Xom's grace]
 13655 | D:4      | Gained mutation: You are resistant to electric shocks.
                  | (rElec) [Xom's grace]
 13663 | D:4      | XOM: cloud trail
 13901 | D:3      | XOM: 4-stop teleportation journey
 14055 | D:4      | Reached skill level 4 in Long Blades
 14100 | D:4      | XOM: god gift: murky green potion {god gift}
 14169 | D:4      | Noticed Menkaure
 14173 | D:4      | HP: 1/28 [Menkaure (8)]
 14176 | D:4      | Mangled by Menkaure

Illustrated notes

Levels and vault maps discovered:
D:1:      ebering_trefoil_twist, layout_basic, serial_shops, shop, minivault_19,
          minmay_distorted
D:2:      layout_loops_ring, shapermc_ecumenical_altar_pompeii,
          small_statue_intersection, grunt_ministairs_11, uniq_robin
D:3:      kennysheep_big_flooded_room, layout_loops_cross, zin_angel,
          lemuel_crystal_altar, nicolae_wu_jian_wuxing_cycle, serial_shops,
          nicolae_shop_tiny_real_fake_doors
D:4:      kennysheep_six_static_rooms, layout_basic,
          chequers_temple_overflow_minitemple, serial_bayou_lake_a,
          uniq_grinder, uniq_menkaure

Skill      XL: |  1  2  3  4  5  6 |
---------------+-------------------+-----
Spellcasting   | 1 2 |  2.7
Fighting       | 3 |  3.3
Long Blades    | 3 4 |  4.2
Armour         | 2 |  2.7
Dodging        | 1 |  1.4
Stealth        | 1 2 |  2.0

Action                     |  1- 3 |  4- 6 || total
---------------------------+-------+-------++-------
  Melee: Falchion          |    80 |       ||    80
         Bite              |    22 |    13 ||    35
         Scimitar          |    19 |    62 ||    81
         Headbutt          |     3 |     4 ||     7
         Kick              |       |     1 ||     1
         Punch             |       |     1 ||     1
    Use: Scroll            |     2 |       ||     2
         Potion            |       |     1 ||     1
   Stab: Sleeping          |       |     1 ||     1
 Armour: Leather armour    |    53 |    30 ||    83
  Dodge: Dodged            |    79 |    36 ||   115

Table legend: (Time is in decaauts)
 A = Elapsed time spent in this place.
 B = Non-inter-level travel time spent in this place.
 C = Inter-level travel time spent in this place.
 D = Time resting spent in this place.
 E = Time spent auto-exploring this place.
 F = Levels seen in this place.
 G = Mean time per level.
                   A        B        C        D        E       F      G
               +--------+--------+--------+--------+--------+-----+--------+
         Total |  14232 |  14125 |    107 |  11696 |   1926 |   4 | 3558.0 |
       Dungeon |  14232 |  14125 |    107 |  11696 |   1926 |   4 | 3558.0 |
               +--------+--------+--------+--------+--------+-----+--------+

Top non-repeatable levels by time:
     D:1: 9564 daAuts
     D:3: 3353 daAuts
     D:2: 891 daAuts
     D:4: 422 daAuts
